 Dungeon Crawl Stone Soup version 0.28.0-45-g0d030f2227 (webtiles) character file.

Game seed: 10484405861664396928

54 ImHallYall the Grave Robber (level 3, -1/31 HPs)
             Began as a Troll Necromancer on Apr 13, 2022.
             Was a Believer of Wu Jian.
             Slain by a goblin
             ... wielding a +0 club
             ... led by Robin
              (6 damage)
             ... on level 2 of the Dungeon.
             The game lasted 00:02:39 (968 turns).

ImHallYall the Grave Robber (Troll Necromancer)      Turns: 968, Time: 00:02:40

Health: -1/31      AC:  5    Str: 18    XL:     3   Next: 66%
Magic:  3/4        EV: 10    Int: 11    God:    Wu Jian [**....]
Gold:   0          SH:  0    Dex: 10    Spells: 4/5 levels left

rFire   . . .      SeeInvis .   d - +0 whip
rCold   . . .      Faith    .   (no shield)
rNeg    . . .      Spirit   .   a - +0 robe
rPois   .          Reflect  .   (helmet restricted)
rElec   .          Harm     .   b - +0 cloak
rCorr   .          Rampage  .   (gloves unavailable)
Will    .....                   (boots unavailable)
Stlth   +.........              (no amulet)
HPRegen 0.90/turn               (no ring)
MPRegen 0.09/turn               (no ring)

@: no status effects
A: large, unfitting armour, claws 3, regeneration 1, shaggy fur 1, tough skin 1
a: Renounce Religion, Wall Jump


You were on level 2 of the Dungeon.
You worshipped Wu Jian.
Wu Jian was pleased with you.
You visited 1 branch of the dungeon, and saw 2 of its levels.

Inventory:

Hand Weapons
 d - a +0 whip (weapon)
Armour
 a - a +0 robe (worn)
 b - a +0 cloak (worn)
 c - a +2 pair of boots


   Skills:
 + Level 0.3 Fighting
 + Level 0.5 Maces & Flails
 + Level 1.9 Dodging
 + Level 1.2 Stealth
 + Level 0.9 Unarmed Combat
 + Level 1.5 Spellcasting
 + Level 3.7 Necromancy


You had 4 spell levels left.
You knew the following spells:

 Your Spells              Type           Power      Damage    Failure   Level
a - Pain                  Necr           36%        1d5       7%          1

Your spell library contained the following spells:

 Spells                   Type           Power      Damage    Failure   Level
 Animate Skeleton         Necr           18%        N/A       7%          1
 Vampiric Draining        Necr           9%         2d6       21%         3
 Animate Dead             Necr           4%         N/A       54%         4
 Agony                    Necr           9%         N/A       88%         5


Dungeon Overview and Level Annotations

Branches:
Dungeon (2/15)

Altars:
Wu Jian


Innate Abilities, Weirdness & Mutations

You are too large for most types of armour.
You have claws for hands.
Your natural rate of healing is unusually fast.
You are covered in fur. (AC +1)
You have tough skin. (AC +1)


Message History

The goblin hits you with a +0 club.
* * * LOW HITPOINT WARNING * * *
The bat hits you but does no damage. The giant cockroach barely misses you.
You hit the giant cockroach.
You kill the giant cockroach!
The Council accepts your kill. The bat misses you.
Robin zaps a wand.
The puff of flame hits you.
* * * LOW HITPOINT WARNING * * *
The goblin misses you.
Robin zaps a wand.
The puff of flame hits you.
* * * LOW HITPOINT WARNING * * *
Casting: Pain (safe; 7% risk of failure)
Confirm with . or Enter, or press ? or * to list all spells.
Aiming: Pain (safe; 7% risk of failure)
Press: ? - help, Shift-Dir - straight line, f - Robin
Aim: Robin, wielding a +0 mace, wearing a +0 animal skin, wearing a +0 helmet and carrying a wand of flame (1) (almost dead, chance to affect: 67%) Robin writhes in agony.
You kill Robin!
The Council accepts your kill. The bat completely misses you.
The endoplasm misses you. The goblin hits you but does no damage.
You whack the endoplasm!
You kill the endoplasm!
The Council accepts your kill. The bat hits you but does no damage.
The goblin closely misses you.
You hit the hobgoblin but do no damage.
The goblin no longer looks unusually strong.
The bat hits you.
* * * LOW HITPOINT WARNING * * *
The hobgoblin hits you but does no damage.
The goblin hits you but does no damage. The bat hits you but does no damage.
The hobgoblin barely misses you.
You hit the hobgoblin.
You kill the hobgoblin!
The Council accepts your kill. The bat barely misses you.
The goblin barely misses you.
You hit the endoplasm.
You kill the endoplasm!
The Council accepts your kill.
You can now perform airborne attacks.
The bat closely misses you. The goblin hits you with a +0 club.
You die...

#.# ...#. .# #..##
.J... #.. .
....#.#... ...
#.###..... ..##.##
........###.#...
#...#.# ..g. #
#...###†#
##.##.$)))@##.#
#......)#.)g......
#..##.#...b.#.#...
#. #....#.#.# #
##..#.#.##...#
.......<.#.#...
.........#.#..#.
.........#.#....
.......#.# .#


You could see a hobgoblin (strong), a goblin (strong) and a bat.

Vanquished Creatures
  Robin (D:2)
  2 dart slugs
  4 bats (D:1)
  5 endoplasms
  2 giant cockroaches
  10 goblins
  4 hobgoblins
  2 quokkas (D:1)
  2 frilled lizards (D:1)
  A kobold (D:1)
  4 rats
37 creatures vanquished.

Vanquished Creatures (others)
  A goblin (D:2)
  A withered plant (D:1)
2 creatures vanquished.

Grand Total: 39 creatures vanquished

Notes
Turn   | Place    | Note
-------+----------+-------------------------------------------
     0 | D:1      | ImHallYall the Troll Necromancer began the quest for the
                  | Orb.
     0 | D:1      | Reached XP level 1. HP: 16/16 MP: 1/1
   188 | D:1      | Found a faded altar of an unknown god.
   196 | D:1      | Reached XP level 2. HP: 23/24 MP: 2/2
   207 | D:1      | Prayed at the altar of an unknown god.
   207 | D:1      | Became a worshipper of the Wu Jian Council
   207 | D:1      | Reached * piety under Wu Jian
   931 | D:2      | Reached XP level 3. HP: 21/31 MP: 4/4
   951 | D:2      | Noticed Robin
   963 | D:2      | HP: 1/31 [Robin/puff of flame (5)]
   964 | D:2      | Killed Robin
   968 | D:2      | Reached ** piety under Wu Jian
   968 | D:2      | Slain by a goblin

Illustrated notes

Levels and vault maps discovered:
D:1:      matt_arrival_diagonals, layout_loops_corners,
          ebering_ecumenical_altar_petrified, supply_closet_lemuel
D:2:      layout_basic, basic_altar, minmay_fractal_squares_5, uniq_robin

Action                   || total
-------------------------++-------
Melee: Unarmed           ||    23
       Whip              ||    95
       Punch             ||     4
 Cast: Pain              ||     8
Invok: Lunge             ||    11
       Whirlwind         ||    12
 Stab: Sleeping          ||     4
Armor: Robe              ||    87
Dodge: Dodged            ||    78
